Panthers vs Flyers

Created - February 12, 2015 at 17:38

Goals
1 2 3 T
Panthers 2 2 0 4
Flyers 1 0 2 3
Shots
1 2 3 T
Panthers 16 17 10 43
Flyers 5 9 6 20

1st period

1. Panthers , Patric Hornqvist 12 (Bryan Little, Matt Niskanen) at 5:12 (PP)
2. Flyers , Kyle Okposo 33 (Daniel Sedin, Mike Santorelli) at 13:33
3. Panthers , Rick Nash 10 (Bryan Little, Marian Hossa) at 19:27

Penalties :
Jack Skille (PHI) for Slashing (Double Minor) at 2:02, Jack Skille (PHI) for Interference (Minor) at 9:06, Matt Niskanen (FLA) for Hooking (Minor) at 9:06, Jack Skille (PHI) for Boarding (Minor) at 14:51

2nd period

4. Panthers , Henrik Zetterberg 23 (T.J. Brodie, Rick Nash) at 6:43 (PP)
5. Panthers , Matt Duchene 16 (Niklas Hjalmarsson) at 8:22

Penalties :
Gabriel Bourque (PHI) for Interference (Minor) at 4:49, Marek Zidlicky (PHI) for Slashing (Minor) at 12:41, Bryan Little (FLA) for High sticking (Minor) at 12:41, Dan Hamhuis (FLA) for High sticking (Minor) at 16:24

3rd period

6. Flyers , Daniel Sedin 30 (Marek Zidlicky, Kyle Okposo) at 1:10
7. Flyers , Olli Jokinen 4 (Mark Fistric, Gabriel Bourque) at 18:53

Penalties :
Bryan Little (FLA) for Slashing (Minor) at 1:24, Tom Gilbert (PHI) for Hooking (Minor) at 5:38, Dan Boyle (PHI) for Hooking (Minor) at 19:08

Goalie Stats

Ben Bishop (FLA), 17 saves from 20 shots - (0.850), W, 25-17-5, 60:00 minutes
Frederik Andersen (PHI), 39 saves from 43 shots - (0.907), L, 16-16-2, 60:00 minutes

Players Stats for Panthers

Player Name              G  A  P  +/- PIM S  H  SB GA TA FO     MP     PP MP  PK MP  
------------------------------------------------------------------------------------
Bryan Little             0  2  2  -1  4   3  1  0  0  0  10/17  19:39   5:12   0:18 
Dan Hamhuis              0  0  0  -1  2   1  2  1  0  0  0/0    17:16   0:00   1:06 
Danny DeKeyser           0  0  0   0  0   5  0  3  0  0  0/0    22:35   4:30   2:14 
Hampus Lindholm          0  0  0   0  0   2  0  1  0  0  0/0    16:26   5:23   0:00 
Henrik Zetterberg        1  0  1   1  0   5  1  0  0  0  3/10   23:06   4:41   2:50 
Justin Williams          0  0  0  -1  0   1  1  0  0  0  0/0    14:05   0:00   0:00 
Lauri Korpikoski         0  0  0  -1  0   1  1  0  0  0  1/1    16:18   0:00   2:13 
Marian Hossa             0  1  1  -1  0   2  3  0  0  0  1/2    21:40   4:41   1:08 
Mark Scheifele           0  0  0  -1  0   1  0  0  0  0  7/14   14:09   0:00   0:04 
Matt Duchene             1  0  1   1  0   7  1  0  0  0  18/31  21:25   5:12   0:00 
Matt Niskanen            0  1  1   0  2   8  0  1  0  0  0/0    18:51   5:23   0:00 
Niklas Hjalmarsson       0  1  1   0  0   0  1  2  0  0  0/0    18:43   0:00   2:14 
Patric Hornqvist         1  0  1   1  0   2  2  1  0  0  1/3    20:30   5:12   1:23 
Rick Nash                1  1  2  -1  0   3  0  0  0  0  0/0    21:10   4:41   0:00 
Rob Klinkhammer          0  0  0   0  0   0  0  0  0  0  0/0     0:00   0:00   0:00 
Sami Salo                0  0  0   0  0   0  0  0  0  0  0/0     3:04   0:00   0:38 
T.J. Brodie              0  1  1  -1  0   2  0  0  0  0  0/0    23:03   4:30   1:44 
Tyson Strachan           0  0  0   0  0   0  0  0  0  0  0/0     0:00   0:00   0:00 

Players Stats for Flyers

Player Name              G  A  P  +/- PIM S  H  SB GA TA FO     MP     PP MP  PK MP  
------------------------------------------------------------------------------------
Brian Gibbons            0  0  0   0  0   0  0  0  0  0  1/5     4:48   0:00   0:35 
Carlo Colaiacovo         0  0  0   2  0   0  1  1  0  0  0/0    14:34   0:47   1:14 
Dan Boyle                0  0  0  -1  2   2  0  0  0  0  0/0    23:09   2:00   3:03 
Daniel Sedin             1  1  2   1  0   2  0  0  0  0  1/3    21:19   2:00   3:12 
Dany Heatley             0  0  0   0  0   0  0  0  0  0  0/1    11:23   0:00   0:00 
Gabriel Bourque          0  1  1   0  2   0  0  0  0  0  0/1    11:22   0:00   0:00 
Jack Skille              0  0  0   0  8   2  4  2  0  0  0/1    14:29   1:58   0:00 
Joel Ward                0  0  0   0  0   2  1  1  0  0  1/2    20:12   2:00   5:38 
Kyle Brodziak            0  0  0   0  0   0  0  2  0  0  7/10   10:24   0:00   6:41 
Kyle Okposo              1  1  2   1  0   2  4  0  0  0  2/3    18:53   2:00   0:00 
Marek Zidlicky           0  1  1   0  2   1  1  5  0  0  0/0    24:06   1:11   6:17 
Mark Fistric             0  1  1   1  0   2  2  3  0  0  0/0    20:55   0:47   3:57 
Mike Ribeiro             0  0  0   0  0   5  0  1  0  0  10/21  16:54   1:58   0:00 
Mike Santorelli          0  1  1   1  0   1  0  1  0  0  10/18  21:17   1:58   3:12 
Nathan Gerbe             0  0  0   0  0   0  0  0  0  0  0/0     4:46   0:00   1:03 
Olli Jokinen             1  0  1   0  0   1  2  0  0  0  5/13   11:23   0:00   0:00 
Philip Larsen            0  0  0   1  0   0  0  1  0  0  0/0     9:43   0:48   0:00 
Tom Gilbert              0  0  0  -1  2   0  2  4  0  0  0/0    26:25   2:23   4:40 

3 Stars

1 - Kyle Okposo (PHI)
2 - Daniel Sedin (PHI)
3 - Patric Hornqvist (FLA)

Power Play

Panthers - 2 on 6 Attempt(s) - 33.33%
Flyers - 0 on 2 Attempt(s) - 0.00%

Penalty Kill

Panthers - 2 on 2 Attempt(s) - 100.00% - Score 0 goal in Penalty Kill
Flyers - 4 on 6 Attempt(s) - 66.67% - Score 0 goal in Penalty Kill

Team Stat

Panthers - Hits : 13 - Faceoff Wins : 41 - Blocked Shots : 9 - Penalty Minutes : 8
Flyers - Hits : 17 - Faceoff Wins : 37 - Blocked Shots : 21 - Penalty Minutes : 16

Official

Referees : Greg Kimmerly and Chris Rooney
Linesman : Jay Sharrers and Jean Morin

Game Notes

Philip Larsen is injured at 1:24 of 3rd period (Sore Left Knee)

Finance

Level 1 -- Attendance: 6500 (100.00%) -- Ticket Income $650,000
Level 2 -- Attendance: 4793 (95.86%) -- Ticket Income $335,510
Level 3 -- Attendance: 3500 (100.00%) -- Ticket Income $140,000
Level 4 -- Attendance: 3115 (88.07%) -- Ticket Income $68,530
Luxury Box -- Attendance: 1000 (100.00%) -- Ticket Income $200,000
Game was played at the Wells Fargo Center'
Total Attendance: 18908 (96.78%)
Total Ticket Income: $1,394,040
Other Income: $209,106
Total Income: $1,603,146

% Time on Ice - Panthers

Lines # - Real PCT - Wanted PCT - Time Play
Normal Forward
1 - 33% - 40% - 13:55
2 - 34% - 35% - 14:11
3 - 33% - 20% - 14:05
4 - 0% - 5% - 0:00
Normal Defense
1 - 34% - 40% - 14:11
2 - 34% - 35% - 14:31
3 - 26% - 20% - 11:03
4 - 6% - 5% - 2:26
PP Forward
1 - 53% - 60% - 5:12
2 - 47% - 40% - 4:41
PP Defense
1 - 54% - 60% - 5:23
2 - 46% - 40% - 4:30
PK Forward
1 - 71% - 60% - 2:50
2 - 29% - 40% - 1:08
PK Defense
1 - 56% - 60% - 2:14
2 - 44% - 40% - 1:44
PK3 Forward
1 - 0% - 65%
2 - 0% - 35%
PK3 Defense
1 - 0% - 60%
2 - 0% - 40%
44 Forward
1 - 58% - 60% - 2:18
2 - 42% - 40% - 1:40
44 Defense
1 - 58% - 60% - 2:18
2 - 42% - 40% - 1:40
Last Minute Offensive  - 0:00
Last Minute Defensive  - 0:00
Total
Forward - 60:00
Defense - 60:00

% Time on Ice - Flyers

Lines # - Real PCT - Wanted PCT - Time Play
Normal Forward
1 - 34% - 40% - 14:31
2 - 30% - 35% - 12:34
3 - 27% - 20% - 11:23
4 - 9% - 5% - 3:43
Normal Defense
1 - 37% - 45% - 15:28
2 - 34% - 30% - 14:24
3 - 26% - 15% - 10:54
4 - 3% - 10% - 1:25
PP Forward
1 - 50% - 60% - 2:00
2 - 50% - 40% - 1:58
PP Defense
1 - 70% - 60% - 2:47
2 - 30% - 40% - 1:11
PK Forward
1 - 68% - 60% - 6:41
2 - 32% - 40% - 3:12
PK Defense
1 - 68% - 60% - 6:41
2 - 32% - 40% - 3:12
PK3 Forward
1 - 0% - 60%
2 - 0% - 40%
PK3 Defense
1 - 0% - 60%
2 - 0% - 40%
44 Forward
1 - 60% - 60% - 2:22
2 - 40% - 40% - 1:36
44 Defense
1 - 56% - 60% - 2:14
2 - 44% - 40% - 1:44
Last Minute Offensive  - 0:00
Last Minute Defensive  - 0:00
Total
Forward - 60:00
Defense - 60:00

Play by Play

1st period


0:01 of 1st period - Mike Santorelli wins face-off versus Matt Duchene in neutral zone.
1:29 of 1st period - Shot by Bryan Little.
1:29 of 1st period - Shot Misses the Net.
1:33 of 1st period - Shot by Rick Nash.
1:33 of 1st period - Shot Misses the Net.
1:55 of 1st period - Shot by Justin Williams.
1:55 of 1st period - Stopped by Frederik Andersen without a rebound.
1:56 of 1st period - Mike Ribeiro wins face-off versus Mark Scheifele in Flyers zone.
2:00 of 1st period - Off-side.
2:01 of 1st period - Matt Duchene wins face-off versus Mike Ribeiro in neutral zone.
2:01 of 1st period - Henrik Zetterberg is hit by Jack Skille and loses puck.
2:02 of 1st period - Double Minor Penalty to Jack Skille for Slashing.
2:03 of 1st period - Kyle Brodziak wins face-off versus Matt Duchene in Flyers zone.
2:29 of 1st period - Off-side.
2:30 of 1st period - Kyle Brodziak wins face-off versus Henrik Zetterberg in neutral zone.
2:39 of 1st period - Shot by Henrik Zetterberg.
2:39 of 1st period - Shot Blocked by Kyle Brodziak.
2:41 of 1st period - Shot by Henrik Zetterberg.
2:41 of 1st period - Stopped by Frederik Andersen with a rebound.
2:51 of 1st period - Shot by Henrik Zetterberg.
2:51 of 1st period - Shot Blocked by Mark Fistric.
2:53 of 1st period - Shot by Danny DeKeyser.
2:53 of 1st period - Shot Misses the Net.
2:55 of 1st period - Shot by T.J. Brodie.
2:55 of 1st period - Shot Misses the Net.
2:59 of 1st period - Shot by Danny DeKeyser.
2:59 of 1st period - Stopped by Frederik Andersen with a rebound.
3:03 of 1st period - Shot by Danny DeKeyser.
3:03 of 1st period - Stopped by Frederik Andersen without a rebound.
3:04 of 1st period - Matt Duchene wins face-off versus Daniel Sedin in Flyers zone.
3:05 of 1st period - Shot by Bryan Little.
3:05 of 1st period - Shot Misses the Net.
3:07 of 1st period - Shot by Matt Niskanen.
3:07 of 1st period - Stopped by Frederik Andersen with a rebound.
3:13 of 1st period - Shot by Matt Niskanen.
3:13 of 1st period - Stopped by Frederik Andersen without a rebound.
3:14 of 1st period - Matt Duchene wins face-off versus Daniel Sedin in Flyers zone.
3:17 of 1st period - Shot by Matt Niskanen.
3:17 of 1st period - Stopped by Frederik Andersen with a rebound.
3:19 of 1st period - Shot by Matt Niskanen.
3:19 of 1st period - Stopped by Frederik Andersen with a rebound.
3:21 of 1st period - Shot by Patric Hornqvist.
3:21 of 1st period - Shot Misses the Net.
3:37 of 1st period - Shot by Matt Niskanen.
3:37 of 1st period - Shot Blocked by Tom Gilbert.
3:39 of 1st period - Shot by Matt Niskanen.
3:39 of 1st period - Shot Misses the Net.
3:41 of 1st period - Shot by Matt Niskanen.
3:41 of 1st period - Stopped by Frederik Andersen with a rebound.
3:47 of 1st period - Shot by Bryan Little.
3:47 of 1st period - Stopped by Frederik Andersen without a rebound.
3:48 of 1st period - Daniel Sedin wins face-off versus Henrik Zetterberg in Flyers zone.
4:06 of 1st period - Shot by Danny DeKeyser.
4:06 of 1st period - Deflect By Rick Nash.
4:06 of 1st period - Shot Misses the Net.
4:08 of 1st period - Shot by T.J. Brodie.
4:08 of 1st period - Deflect By Henrik Zetterberg.
4:08 of 1st period - Shot Blocked by Marek Zidlicky.
4:14 of 1st period - Shot by Danny DeKeyser.
4:14 of 1st period - Shot Hit the Post.
4:18 of 1st period - Shot by T.J. Brodie.
4:18 of 1st period - Deflect By Henrik Zetterberg.
4:18 of 1st period - Shot Blocked by Mark Fistric.
4:20 of 1st period - Shot by Danny DeKeyser.
4:20 of 1st period - Shot Blocked by Mike Santorelli.
4:52 of 1st period - Shot by Kyle Brodziak.
4:52 of 1st period - Shot Blocked by Patric Hornqvist.
5:12 of 1st period - Shot by Patric Hornqvist.
5:12 of 1st period - Goal by Patric Hornqvist - Panthers : 1 - Flyers : 0.
5:13 of 1st period - Mark Scheifele wins face-off versus Olli Jokinen in neutral zone.
6:20 of 1st period - Shot by Matt Duchene.
6:20 of 1st period - Stopped by Frederik Andersen without a rebound.
6:21 of 1st period - Bryan Little wins face-off versus Mike Ribeiro in Flyers zone.
6:22 of 1st period - Shot by Marian Hossa.
6:22 of 1st period - Shot Blocked by Jack Skille.
6:46 of 1st period - Shot by Mike Ribeiro.
6:46 of 1st period - Stopped by Ben Bishop without a rebound.
6:47 of 1st period - Matt Duchene wins face-off versus Mike Santorelli in Panthers zone.
6:47 of 1st period - Matt Duchene is hit by Kyle Okposo.
7:21 of 1st period - Shot by Kyle Okposo.
7:21 of 1st period - Shot Misses the Net.
7:33 of 1st period - Shot by Mike Santorelli.
7:33 of 1st period - Shot Misses the Net.
7:55 of 1st period - Shot by Mike Ribeiro.
7:55 of 1st period - Stopped by Ben Bishop without a rebound.
7:56 of 1st period - Bryan Little wins face-off versus Olli Jokinen in Panthers zone.
7:56 of 1st period - Bryan Little is hit by Olli Jokinen.
9:06 of 1st period - Minor Penalty to Jack Skille for Interference.
9:06 of 1st period - Minor Penalty to Matt Niskanen for Hooking.
9:07 of 1st period - Mike Ribeiro wins face-off versus Matt Duchene in Panthers zone.
9:49 of 1st period - Shot by Marek Zidlicky.
9:49 of 1st period - Shot Blocked by Dan Hamhuis.
9:51 of 1st period - Shot by Tom Gilbert.
9:51 of 1st period - Shot Misses the Net.
9:53 of 1st period - Shot by Marek Zidlicky.
9:53 of 1st period - Shot Blocked by Danny DeKeyser.
12:03 of 1st period - Icing by Gabriel Bourque.
12:04 of 1st period - Olli Jokinen wins face-off versus Patric Hornqvist in Flyers zone.
12:38 of 1st period - Shot by Henrik Zetterberg.
12:38 of 1st period - Shot Hit the Post.
12:40 of 1st period - Shot by Matt Duchene.
12:40 of 1st period - Shot Blocked by Tom Gilbert.
12:42 of 1st period - Shot by Dan Hamhuis.
12:42 of 1st period - Stopped by Frederik Andersen with a rebound.
13:25 of 1st period - Icing by Niklas Hjalmarsson.
13:26 of 1st period - Kyle Okposo wins face-off versus Bryan Little in Panthers zone.
13:33 of 1st period - Shot by Kyle Okposo.
13:33 of 1st period - Goal by Kyle Okposo - Panthers : 1 - Flyers : 1.
13:34 of 1st period - Mike Santorelli wins face-off versus Mark Scheifele in neutral zone.
13:53 of 1st period - Hampus Lindholm is hit by Kyle Okposo and loses puck.
14:07 of 1st period - Shot by Kyle Okposo.
14:07 of 1st period - Shot Misses the Net.
14:17 of 1st period - Shot by Daniel Sedin.
14:17 of 1st period - Stopped by Ben Bishop without a rebound.
14:18 of 1st period - Matt Duchene wins face-off versus Mike Ribeiro in Panthers zone.
14:18 of 1st period - Matt Duchene is hit by Jack Skille.
14:26 of 1st period - Shot by Patric Hornqvist.
14:26 of 1st period - Shot Blocked by Joel Ward.
14:35 of 1st period - Off-side.
14:36 of 1st period - Bryan Little wins face-off versus Brian Gibbons in neutral zone.
14:49 of 1st period - Shot by Dan Boyle.
14:49 of 1st period - Stopped by Ben Bishop without a rebound.
14:50 of 1st period - Patric Hornqvist wins face-off versus Mike Ribeiro in Panthers zone.
14:50 of 1st period - Patric Hornqvist is hit by Jack Skille.
14:51 of 1st period - Minor Penalty to Jack Skille for Boarding.
14:52 of 1st period - Kyle Brodziak wins face-off versus Matt Duchene in Flyers zone.
15:18 of 1st period - Shot by Matt Niskanen.
15:18 of 1st period - Stopped by Frederik Andersen without a rebound.
15:19 of 1st period - Kyle Brodziak wins face-off versus Henrik Zetterberg in Flyers zone.
15:19 of 1st period - Kyle Brodziak is hit by Marian Hossa.
16:39 of 1st period - Shot by Hampus Lindholm.
16:39 of 1st period - Shot Misses the Net.
16:41 of 1st period - Shot by Bryan Little.
16:41 of 1st period - Shot Blocked by Mark Fistric.
16:43 of 1st period - Shot by Patric Hornqvist.
16:43 of 1st period - Shot Blocked by Kyle Brodziak.
16:53 of 1st period - Shot by Bryan Little.
16:53 of 1st period - Shot Misses the Net.
16:55 of 1st period - Shot by Mark Scheifele.
16:55 of 1st period - Shot Misses the Net.
17:14 of 1st period - Icing by Mark Scheifele.
17:15 of 1st period - Lauri Korpikoski wins face-off versus Mike Santorelli in Panthers zone.
18:14 of 1st period - Shot by Matt Duchene.
18:14 of 1st period - Shot Misses the Net.
18:16 of 1st period - Shot by Matt Duchene.
18:16 of 1st period - Shot Blocked by Marek Zidlicky.
18:41 of 1st period - Shot by Patric Hornqvist.
18:41 of 1st period - Shot Misses the Net.
19:11 of 1st period - Shot by Bryan Little.
19:11 of 1st period - Shot Hit the Post.
19:13 of 1st period - Shot by Bryan Little.
19:13 of 1st period - Shot Misses the Net.
19:25 of 1st period - Shot by Bryan Little.
19:25 of 1st period - Stopped by Frederik Andersen with a rebound.
19:27 of 1st period - Shot by Rick Nash.
19:27 of 1st period - Goal by Rick Nash - Panthers : 2 - Flyers : 1.
19:28 of 1st period - Joel Ward wins face-off versus Mark Scheifele in neutral zone.
19:31 of 1st period - Shot by Mike Ribeiro.
19:31 of 1st period - Shot Misses the Net.
Goals for this period are 2 for Panthers vs 1 for Flyers.
Shots for this period are 16 for Panthers vs 5 for Flyers.

2nd period


0:01 of 2nd period - Matt Duchene wins face-off versus Mike Ribeiro in neutral zone.
0:04 of 2nd period - Shot by Danny DeKeyser.
0:04 of 2nd period - Deflect By Henrik Zetterberg.
0:04 of 2nd period - Shot Misses the Net.
0:20 of 2nd period - Shot by Danny DeKeyser.
0:20 of 2nd period - Stopped by Frederik Andersen with a rebound.
0:22 of 2nd period - Shot by Patric Hornqvist.
0:22 of 2nd period - Stopped by Frederik Andersen without a rebound.
0:23 of 2nd period - Bryan Little wins face-off versus Mike Santorelli in Flyers zone.
0:50 of 2nd period - Shot by Bryan Little.
0:50 of 2nd period - Deflect By Rick Nash.
0:50 of 2nd period - Stopped by Frederik Andersen with a rebound.
1:08 of 2nd period - Shot by Kyle Okposo.
1:08 of 2nd period - Stopped by Ben Bishop without a rebound.
1:09 of 2nd period - Mike Ribeiro wins face-off versus Matt Duchene in Panthers zone.
1:18 of 2nd period - Shot by Dan Boyle.
1:18 of 2nd period - Shot Blocked by Danny DeKeyser.
1:20 of 2nd period - Shot by Dan Boyle.
1:20 of 2nd period - Shot Misses the Net.
1:38 of 2nd period - Shot by Dan Boyle.
1:38 of 2nd period - Shot Misses the Net.
1:40 of 2nd period - Shot by Dan Boyle.
1:40 of 2nd period - Shot Misses the Net.
1:48 of 2nd period - Shot by Joel Ward.
1:48 of 2nd period - Stopped by Ben Bishop without a rebound.
1:49 of 2nd period - Mark Scheifele wins face-off versus Dany Heatley in Panthers zone.
2:08 of 2nd period - Shot by Lauri Korpikoski.
2:08 of 2nd period - Stopped by Frederik Andersen with a rebound.
2:10 of 2nd period - Shot by Hampus Lindholm.
2:10 of 2nd period - Shot Misses the Net.
2:20 of 2nd period - Shot by Matt Niskanen.
2:20 of 2nd period - Stopped by Frederik Andersen without a rebound.
2:21 of 2nd period - Bryan Little wins face-off versus Mike Santorelli in Flyers zone.
3:50 of 2nd period - Shot by Henrik Zetterberg.
3:50 of 2nd period - Shot Misses the Net.
4:06 of 2nd period - Shot by Matt Duchene.
4:06 of 2nd period - Deflect By Patric Hornqvist.
4:06 of 2nd period - Shot Blocked by Tom Gilbert.
4:34 of 2nd period - Shot by Hampus Lindholm.
4:34 of 2nd period - Stopped by Frederik Andersen with a rebound.
4:38 of 2nd period - Shot by Lauri Korpikoski.
4:38 of 2nd period - Deflect By Justin Williams.
4:38 of 2nd period - Shot Blocked by Philip Larsen.
4:49 of 2nd period - Minor Penalty to Gabriel Bourque for Interference.
4:50 of 2nd period - Kyle Brodziak wins face-off versus Henrik Zetterberg in Flyers zone.
4:58 of 2nd period - Icing by Henrik Zetterberg.
4:59 of 2nd period - Henrik Zetterberg wins face-off versus Kyle Brodziak in Panthers zone.
5:06 of 2nd period - Shot by Henrik Zetterberg.
5:06 of 2nd period - Shot Hit the Post.
5:08 of 2nd period - Shot by T.J. Brodie.
5:08 of 2nd period - Shot Misses the Net.
5:10 of 2nd period - Shot by Rick Nash.
5:10 of 2nd period - Stopped by Frederik Andersen with a rebound.
5:12 of 2nd period - Shot by Danny DeKeyser.
5:12 of 2nd period - Stopped by Frederik Andersen without a rebound.
5:13 of 2nd period - Matt Duchene wins face-off versus Joel Ward in Flyers zone.
5:13 of 2nd period - Matt Duchene is hit by Marek Zidlicky.
5:35 of 2nd period - Shot by Matt Niskanen.
5:35 of 2nd period - Stopped by Frederik Andersen with a rebound.
6:21 of 2nd period - Shot by Danny DeKeyser.
6:21 of 2nd period - Stopped by Frederik Andersen with a rebound.
6:23 of 2nd period - Shot by T.J. Brodie.
6:23 of 2nd period - Shot Misses the Net.
6:25 of 2nd period - Shot by Danny DeKeyser.
6:25 of 2nd period - Shot Blocked by Marek Zidlicky.
6:27 of 2nd period - Shot by Danny DeKeyser.
6:27 of 2nd period - Shot Misses the Net.
6:35 of 2nd period - Shot by Henrik Zetterberg.
6:35 of 2nd period - Shot Misses the Net.
6:37 of 2nd period - Shot by Rick Nash.
6:37 of 2nd period - Shot Misses the Net.
6:41 of 2nd period - Shot by T.J. Brodie.
6:41 of 2nd period - Shot Misses the Net.
6:43 of 2nd period - Shot by Henrik Zetterberg.
6:43 of 2nd period - Goal by Henrik Zetterberg - Panthers : 3 - Flyers : 1.
6:44 of 2nd period - Mike Santorelli wins face-off versus Mark Scheifele in neutral zone.
7:05 of 2nd period - Shot by Lauri Korpikoski.
7:05 of 2nd period - Deflect By Mark Scheifele.
7:05 of 2nd period - Shot Misses the Net.
7:22 of 2nd period - Icing by Carlo Colaiacovo.
7:23 of 2nd period - Mike Santorelli wins face-off versus Matt Duchene in Flyers zone.
7:23 of 2nd period - Mike Santorelli is hit by Patric Hornqvist.
7:28 of 2nd period - Philip Larsen is hit by Niklas Hjalmarsson and loses puck.
7:39 of 2nd period - Shot by Henrik Zetterberg.
7:39 of 2nd period - Shot Blocked by Carlo Colaiacovo.
7:41 of 2nd period - Shot by Niklas Hjalmarsson.
7:41 of 2nd period - Shot Misses the Net.
7:43 of 2nd period - Shot by Henrik Zetterberg.
7:43 of 2nd period - Shot Misses the Net.
7:45 of 2nd period - Shot by Henrik Zetterberg.
7:45 of 2nd period - Stopped by Frederik Andersen without a rebound.
7:46 of 2nd period - Bryan Little wins face-off versus Olli Jokinen in Flyers zone.
7:49 of 2nd period - Shot by Rick Nash.
7:49 of 2nd period - Shot Misses the Net.
8:15 of 2nd period - Shot by Bryan Little.
8:15 of 2nd period - Shot Misses the Net.
8:18 of 2nd period - Icing by Dan Boyle.
8:19 of 2nd period - Matt Duchene wins face-off versus Olli Jokinen in Flyers zone.
8:22 of 2nd period - Shot by Matt Duchene.
8:22 of 2nd period - Goal by Matt Duchene - Panthers : 4 - Flyers : 1.
8:23 of 2nd period - Matt Duchene wins face-off versus Mike Ribeiro in neutral zone.
8:40 of 2nd period - Shot by Mike Ribeiro.
8:40 of 2nd period - Stopped by Ben Bishop without a rebound.
8:41 of 2nd period - Mike Santorelli wins face-off versus Bryan Little in Panthers zone.
8:44 of 2nd period - Shot by Kyle Okposo.
8:44 of 2nd period - Shot Misses the Net.
9:00 of 2nd period - Shot by Dan Boyle.
9:00 of 2nd period - Shot Misses the Net.
9:02 of 2nd period - Shot by Dan Boyle.
9:02 of 2nd period - Stopped by Ben Bishop without a rebound.
9:03 of 2nd period - Matt Duchene wins face-off versus Mike Ribeiro in Panthers zone.
9:38 of 2nd period - Shot by Joel Ward.
9:38 of 2nd period - Stopped by Ben Bishop with a rebound.
9:58 of 2nd period - Icing by Henrik Zetterberg.
9:59 of 2nd period - Mike Santorelli wins face-off versus Matt Duchene in Panthers zone.
10:02 of 2nd period - Shot by Mike Santorelli.
10:02 of 2nd period - Stopped by Ben Bishop without a rebound.
10:03 of 2nd period - Bryan Little wins face-off versus Mike Santorelli in Panthers zone.
10:20 of 2nd period - Dan Hamhuis is hit by Kyle Okposo and loses puck.
12:03 of 2nd period - Hampus Lindholm is hit by Olli Jokinen and loses puck.
12:09 of 2nd period - Icing by Marek Zidlicky.
12:10 of 2nd period - Matt Duchene wins face-off versus Olli Jokinen in Flyers zone.
12:13 of 2nd period - Shot by Matt Duchene.
12:13 of 2nd period - Shot Blocked by Marek Zidlicky.
12:15 of 2nd period - Shot by Danny DeKeyser.
12:15 of 2nd period - Shot Misses the Net.
12:17 of 2nd period - Shot by Matt Duchene.
12:17 of 2nd period - Deflect By Patric Hornqvist.
12:17 of 2nd period - Shot Misses the Net.
12:22 of 2nd period - Icing by Mark Fistric.
12:23 of 2nd period - Matt Duchene wins face-off versus Gabriel Bourque in Flyers zone.
12:32 of 2nd period - Icing by Dany Heatley.
12:33 of 2nd period - Bryan Little wins face-off versus Olli Jokinen in Flyers zone.
12:33 of 2nd period - Marian Hossa is hit by Mark Fistric and loses puck.
12:41 of 2nd period - Minor Penalty to Marek Zidlicky for Slashing.
12:41 of 2nd period - Minor Penalty to Bryan Little for High sticking.
12:42 of 2nd period - Mike Ribeiro wins face-off versus Matt Duchene in Flyers zone.
14:17 of 2nd period - Icing by Daniel Sedin.
14:18 of 2nd period - Mike Santorelli wins face-off versus Matt Duchene in Flyers zone.
14:29 of 2nd period - Shot by Rick Nash.
14:29 of 2nd period - Shot Misses the Net.
14:33 of 2nd period - Shot by Matt Duchene.
14:33 of 2nd period - Stopped by Frederik Andersen without a rebound.
14:34 of 2nd period - Matt Duchene wins face-off versus Mike Ribeiro in Flyers zone.
15:27 of 2nd period - Off-side.
15:28 of 2nd period - Matt Duchene wins face-off versus Mike Ribeiro in neutral zone.
15:41 of 2nd period - Shot by Henrik Zetterberg.
15:41 of 2nd period - Stopped by Frederik Andersen with a rebound.
15:47 of 2nd period - Shot by Matt Duchene.
15:47 of 2nd period - Stopped by Frederik Andersen without a rebound.
15:48 of 2nd period - Mike Santorelli wins face-off versus Bryan Little in Flyers zone.
16:14 of 2nd period - Kyle Okposo is hit by Dan Hamhuis and loses puck.
16:24 of 2nd period - Minor Penalty to Dan Hamhuis for High sticking.
16:25 of 2nd period - Mike Ribeiro wins face-off versus Henrik Zetterberg in Panthers zone.
16:44 of 2nd period - Shot by Jack Skille.
16:44 of 2nd period - Stopped by Ben Bishop with a rebound.
16:46 of 2nd period - Shot by Marek Zidlicky.
16:46 of 2nd period - Shot Misses the Net.
16:48 of 2nd period - Shot by Jack Skille.
16:48 of 2nd period - Shot Blocked by Niklas Hjalmarsson.
16:50 of 2nd period - Shot by Mike Santorelli.
16:50 of 2nd period - Shot Blocked by Danny DeKeyser.
16:54 of 2nd period - Shot by Marek Zidlicky.
16:54 of 2nd period - Stopped by Ben Bishop without a rebound.
16:55 of 2nd period - Kyle Okposo wins face-off versus Henrik Zetterberg in Panthers zone.
18:24 of 2nd period - Shot by Mike Santorelli.
18:24 of 2nd period - Shot Misses the Net.
18:26 of 2nd period - Shot by Gabriel Bourque.
18:26 of 2nd period - Deflect By Olli Jokinen.
18:26 of 2nd period - Shot Misses the Net.
18:52 of 2nd period - Shot by Olli Jokinen.
18:52 of 2nd period - Shot Misses the Net.
18:54 of 2nd period - Shot by Mark Fistric.
18:54 of 2nd period - Stopped by Ben Bishop without a rebound.
18:55 of 2nd period - Mark Scheifele wins face-off versus Brian Gibbons in Panthers zone.
19:10 of 2nd period - Shot by Mark Scheifele.
19:10 of 2nd period - Stopped by Frederik Andersen without a rebound.
19:11 of 2nd period - Mike Ribeiro wins face-off versus Bryan Little in Flyers zone.
19:11 of 2nd period - Mike Ribeiro is hit by Bryan Little.
19:23 of 2nd period - Shot by Mike Ribeiro.
19:23 of 2nd period - Shot Misses the Net.
Goals for this period are 2 for Panthers vs 0 for Flyers.
Shots for this period are 17 for Panthers vs 9 for Flyers.

3rd period


0:01 of 3rd period - Mike Ribeiro wins face-off versus Matt Duchene in neutral zone.
0:01 of 3rd period - Dan Boyle is hit by Patric Hornqvist and loses puck.
0:28 of 3rd period - Shot by Jack Skille.
0:28 of 3rd period - Stopped by Ben Bishop with a rebound.
0:30 of 3rd period - Shot by Dan Boyle.
0:30 of 3rd period - Deflect By Mike Ribeiro.
0:30 of 3rd period - Shot Misses the Net.
0:32 of 3rd period - Shot by Tom Gilbert.
0:32 of 3rd period - Shot Misses the Net.
1:10 of 3rd period - Shot by Daniel Sedin.
1:10 of 3rd period - Goal by Daniel Sedin - Panthers : 4 - Flyers : 2.
1:11 of 3rd period - Olli Jokinen wins face-off versus Mark Scheifele in neutral zone.
1:11 of 3rd period - Carlo Colaiacovo is hit by Lauri Korpikoski and loses puck.
1:22 of 3rd period - Icing by Philip Larsen.
1:23 of 3rd period - Olli Jokinen wins face-off versus Bryan Little in Flyers zone.
1:23 of 3rd period - Philip Larsen is hit by Marian Hossa and loses puck.
1:24 of 3rd period - Minor Penalty to Bryan Little for Slashing.
1:24 of 3rd period - Philip Larsen from Flyers is injured at 1:24 of 3rd period (Sore Left Knee).
1:25 of 3rd period - Henrik Zetterberg wins face-off versus Kyle Okposo in Panthers zone.
1:25 of 3rd period - Henrik Zetterberg is hit by Kyle Okposo.
1:37 of 3rd period - Dan Hamhuis is hit by Joel Ward and loses puck.
2:10 of 3rd period - Shot by Dan Boyle.
2:10 of 3rd period - Shot Misses the Net.
2:37 of 3rd period - Shot by Mike Santorelli.
2:37 of 3rd period - Shot Blocked by Niklas Hjalmarsson.
3:37 of 3rd period - Shot by Olli Jokinen.
3:37 of 3rd period - Shot Misses the Net.
4:19 of 3rd period - Icing by Danny DeKeyser.
4:20 of 3rd period - Mark Scheifele wins face-off versus Brian Gibbons in Panthers zone.
4:35 of 3rd period - Shot by Brian Gibbons.
4:35 of 3rd period - Shot Misses the Net.
4:40 of 3rd period - Icing by Niklas Hjalmarsson.
4:41 of 3rd period - Mark Scheifele wins face-off versus Mike Ribeiro in Panthers zone.
5:05 of 3rd period - Mark Scheifele is hit by Tom Gilbert and loses puck.
5:17 of 3rd period - Mike Ribeiro is hit by Dan Hamhuis and loses puck.
5:31 of 3rd period - T.J. Brodie is hit by Jack Skille and loses puck.
5:38 of 3rd period - Minor Penalty to Tom Gilbert for Hooking.
5:39 of 3rd period - Kyle Brodziak wins face-off versus Marian Hossa in Flyers zone.
5:39 of 3rd period - Kyle Brodziak is hit by Henrik Zetterberg.
5:55 of 3rd period - Shot by Hampus Lindholm.
5:55 of 3rd period - Shot Misses the Net.
5:57 of 3rd period - Shot by Henrik Zetterberg.
5:57 of 3rd period - Shot Misses the Net.
6:22 of 3rd period - Kyle Brodziak is hit by Marian Hossa and loses puck.
7:42 of 3rd period - Shot by Justin Williams.
7:42 of 3rd period - Shot Misses the Net.
8:42 of 3rd period - Shot by Mike Ribeiro.
8:42 of 3rd period - Stopped by Ben Bishop without a rebound.
8:43 of 3rd period - Mike Santorelli wins face-off versus Bryan Little in Panthers zone.
9:08 of 3rd period - Shot by Mike Santorelli.
9:08 of 3rd period - Shot Misses the Net.
9:10 of 3rd period - Shot by Tom Gilbert.
9:10 of 3rd period - Shot Misses the Net.
9:29 of 3rd period - Icing by Kyle Brodziak.
9:30 of 3rd period - Brian Gibbons wins face-off versus Patric Hornqvist in Flyers zone.
10:32 of 3rd period - Shot by Mike Ribeiro.
10:32 of 3rd period - Shot Misses the Net.
10:45 of 3rd period - Icing by Tom Gilbert.
10:46 of 3rd period - Mike Ribeiro wins face-off versus Bryan Little in Flyers zone.
11:04 of 3rd period - Shot by Marian Hossa.
11:04 of 3rd period - Shot Blocked by Mike Ribeiro.
11:26 of 3rd period - Shot by Rick Nash.
11:26 of 3rd period - Deflect By Bryan Little.
11:26 of 3rd period - Stopped by Frederik Andersen with a rebound.
12:01 of 3rd period - Hampus Lindholm is hit by Carlo Colaiacovo and loses puck.
12:38 of 3rd period - Icing by Marek Zidlicky.
12:39 of 3rd period - Henrik Zetterberg wins face-off versus Olli Jokinen in Flyers zone.
12:48 of 3rd period - Shot by Patric Hornqvist.
12:48 of 3rd period - Shot Blocked by Marek Zidlicky.
12:50 of 3rd period - Shot by Matt Duchene.
12:50 of 3rd period - Stopped by Frederik Andersen without a rebound.
12:51 of 3rd period - Matt Duchene wins face-off versus Brian Gibbons in Flyers zone.
13:12 of 3rd period - Shot by Matt Duchene.
13:12 of 3rd period - Stopped by Frederik Andersen without a rebound.
13:13 of 3rd period - Mike Santorelli wins face-off versus Mark Scheifele in Flyers zone.
13:31 of 3rd period - Shot by Lauri Korpikoski.
13:31 of 3rd period - Deflect By Justin Williams.
13:31 of 3rd period - Shot Blocked by Tom Gilbert.
14:48 of 3rd period - Shot by Mike Ribeiro.
14:48 of 3rd period - Stopped by Ben Bishop without a rebound.
14:49 of 3rd period - Olli Jokinen wins face-off versus Matt Duchene in Panthers zone.
15:04 of 3rd period - Shot by Gabriel Bourque.
15:04 of 3rd period - Shot Misses the Net.
15:06 of 3rd period - Shot by Gabriel Bourque.
15:06 of 3rd period - Shot Misses the Net.
15:30 of 3rd period - Off-side.
15:31 of 3rd period - Marian Hossa wins face-off versus Mike Santorelli in neutral zone.
16:08 of 3rd period - Shot by Marian Hossa.
16:08 of 3rd period - Stopped by Frederik Andersen without a rebound.
16:09 of 3rd period - Matt Duchene wins face-off versus Mike Ribeiro in Flyers zone.
16:09 of 3rd period - Matt Duchene is hit by Mark Fistric.
16:21 of 3rd period - Shot by Henrik Zetterberg.
16:21 of 3rd period - Shot Blocked by Jack Skille.
16:43 of 3rd period - Shot by Mark Fistric.
16:43 of 3rd period - Stopped by Ben Bishop without a rebound.
16:44 of 3rd period - Bryan Little wins face-off versus Mike Santorelli in Panthers zone.
17:00 of 3rd period - Shot by Marian Hossa.
17:00 of 3rd period - Stopped by Frederik Andersen without a rebound.
17:01 of 3rd period - Olli Jokinen wins face-off versus Mark Scheifele in Flyers zone.
17:01 of 3rd period - Dan Boyle is hit by Justin Williams and loses puck.
17:21 of 3rd period - Icing by Hampus Lindholm.
17:22 of 3rd period - Mark Scheifele wins face-off versus Jack Skille in Panthers zone.
17:26 of 3rd period - Off-side.
17:27 of 3rd period - Mike Ribeiro wins face-off versus Matt Duchene in neutral zone.
17:44 of 3rd period - Dan Boyle is hit by Matt Duchene and loses puck.
18:03 of 3rd period - Shot by Henrik Zetterberg.
18:03 of 3rd period - Stopped by Frederik Andersen without a rebound.
18:04 of 3rd period - Bryan Little wins face-off versus Mike Santorelli in Flyers zone.
18:15 of 3rd period - Shot by Kyle Okposo.
18:15 of 3rd period - Shot Misses the Net.
18:23 of 3rd period - Shot by T.J. Brodie.
18:23 of 3rd period - Stopped by Frederik Andersen with a rebound.
18:25 of 3rd period - Shot by T.J. Brodie.
18:25 of 3rd period - Stopped by Frederik Andersen without a rebound.
18:26 of 3rd period - Mark Scheifele wins face-off versus Olli Jokinen in Flyers zone.
18:39 of 3rd period - Shot by Mark Scheifele.
18:39 of 3rd period - Shot Misses the Net.
18:49 of 3rd period - Shot by Olli Jokinen.
18:49 of 3rd period - Shot Blocked by Hampus Lindholm.
18:51 of 3rd period - Shot by Mark Fistric.
18:51 of 3rd period - Shot Blocked by Matt Niskanen.
18:53 of 3rd period - Shot by Olli Jokinen.
18:53 of 3rd period - Goal by Olli Jokinen - Panthers : 4 - Flyers : 3.
18:54 of 3rd period - Mike Ribeiro wins face-off versus Matt Duchene in neutral zone.
19:08 of 3rd period - Minor Penalty to Dan Boyle for Hooking.
19:09 of 3rd period - Matt Duchene wins face-off versus Kyle Brodziak in Flyers zone.
19:09 of 3rd period - Matt Duchene is hit by Tom Gilbert.
19:11 of 3rd period - Shot by Patric Hornqvist.
19:11 of 3rd period - Deflect By Matt Duchene.
19:11 of 3rd period - Stopped by Frederik Andersen without a rebound.
19:12 of 3rd period - Matt Duchene wins face-off versus Kyle Brodziak in Flyers zone.
19:50 of 3rd period - Shot by Hampus Lindholm.
19:50 of 3rd period - Stopped by Frederik Andersen without a rebound.
19:51 of 3rd period - Kyle Brodziak wins face-off versus Henrik Zetterberg in Flyers zone.
Goals for this period are 0 for Panthers vs 2 for Flyers.
Shots for this period are 10 for Panthers vs 6 for Flyers.


Output by the SimonT Hockey Simulator (STHS) for Stephane Roy -- Original Page W3C XHTML 1.0 Valid
Hockey Simulator - Hockey Simulation - Hockey Manager